 Dungeon Crawl Stone Soup version 0.31-a0-348-g810772c3d7 (webtiles) character file.

Game seed: 18242092456235810773

736 AdnanSaban the Cudgeller (level 7, 0/44 HPs)
             Began as a Gargoyle Fighter on July 22, 2023.
             Slain by Edmund
             ... wielding a +5 dire flail of protection
              (9 damage)
             ... on level 4 of the Dungeon.
             The game lasted 00:02:42 (3691 turns).

AdnanSaban the Cudgeller (Gargoyle Fighter)         Turns: 3691, Time: 00:02:42

Health: 0/44       AC: 13    Str: 22    XL:     7   Next: 74%
Magic:  7/7        EV: 10    Int:  8    God:
Gold:   216        SH:  4    Dex:  9    Spells: 6/6 levels left

rFire   . . .        a - +0 flail
rCold   . . .        c - +0 buckler
rNeg    + . .        b - +0 scale mail
rPois   ∞            (no helmet)
rElec   +            r - +0 cloak
rCorr   .            (no gloves)
SInv    .            (no boots)
Will    .....        (no amulet) Stlth
                     (no ring)
HPRegen 0.27/turn    (no ring)
MPRegen 0.10/turn

%: no passive effects
@: no status effects
A: sickness immunity, AC +4, negative energy resistance 1, electricity
resistance, torment resistance 1, petrification resistance
a: no special abilities


You were on level 4 of the Dungeon.
You visited 1 branch of the dungeon, and saw 5 of its levels.

You collected 216 gold pieces.

Inventory:

Hand Weapons
 a - a +0 flail (weapon)
Missiles
 j - a throwing net
Armour
 b - a +0 scale mail (worn)
 c - a +0 buckler (worn)
 r - a +0 cloak (worn)
Jewellery
 n - a ring of see invisible
 o - a ring of protection from fire
 q - a ring of positive energy
Wands
 u - a wand of charming (4)
Scrolls
 e - 3 scrolls of identify {unknown}
 f - 2 scrolls of brand weapon {unknown}
 h - 3 scrolls of teleportation {unknown}
 k - a scroll of enchant armour {unknown}
 l - a scroll of butterflies {unknown}
 p - 2 scrolls of blinking {unknown}
Potions
 d - a potion of might
 g - 3 potions of degeneration {unknown}
 i - 2 potions of lignification {unknown}
 m - 2 potions of curing {unknown}
 s - 2 potions of heal wounds {unknown}
 t - a potion of haste {unknown}


   Skills:
 + Level 4.7 Fighting
 + Level 5.5 Maces & Flails
 + Level 5.4 Armour
 + Level 2.0 Dodging
 + Level 4.4 Shields


You had 6 spell levels left.
You didn't know any spells.
Your spell library contained the following spells:

 Spells                   Type           Power      Damage    Failure   Level
 Sting                    Tmut/Pois      0%         1d3       78%         1
 Poisonous Vapours        Pois/Air       0%         N/A       89%         2
 Hailstorm                Conj/Ice       0%         3d3       98%         3
 Olgreb's Toxic Radiance  Pois           0%         N/A       100%        4
 Summon Ice Beast         Ice/Summ       0%         N/A       100%        4
 Simulacrum               Ice/Necr       0%         N/A       100%        6


Dungeon Overview and Level Annotations

Branches:
Dungeon (5/15)
 Temple: D:4-7

Altars:

Shops:
D:4 :

Annotations:
D:4 Edmund


Innate Abilities, Weirdness & Mutations

You are immune to sickness and miasma.
Your stone body is resilient. (AC +4)
You are immune to poison.
You resist negative energy. (rN+)
You are resistant to electric shocks. (rElec)
You are resistant to unholy torment.
You are immune to petrification.


Message History

You kill the hound!
You hit the ice beast.
The ice beast is lightly wounded.
You block the ice beast's attack.
You thump the ice beast!
The ice beast is severely wounded.
The ice beast hits you but does no damage.
You closely miss the ice beast.
The ice beast is severely wounded.
You block the ice beast's attack.
The ice beast hits you but does no damage.
You hit the ice beast.
The ice beast is severely wounded.
The ice beast barely misses you.
You hit the ice beast but do no damage.
The ice beast is severely wounded.
The ice beast misses you.
You hit the ice beast.
The ice beast is almost dead.
The ice beast hits you. The ice beast freezes you!
You barely miss the ice beast.
The ice beast is almost dead.
The ice beast closely misses you.
You hit the ice beast.
You kill the ice beast!
Your Dodging skill increases to level 2!
You see here a hound corpse.
Edmund attacks as you move away! Edmund closely misses you.
Edmund attacks as you move away! You block Edmund's attack.
Edmund attacks as you move away!
Edmund hits you with a +5 dire flail of protection.
There is a stone staircase leading down here.
Edmund attacks as you move away!
Edmund hits you with a +5 dire flail of protection!
Edmund attacks as you move away!
Edmund hits you with a +5 dire flail of protection!
* * * LOW HITPOINT WARNING * * *
Edmund attacks as you move away!
Edmund hits you with a +5 dire flail of protection!
You die...

##.....## ##..>..#
##.......## ##......#
#.........####......##
'.........'........##
#.........####...#.#####
##.......## ##........#
##.....## ##o#.###.#
##...## #@#.# #.# ##'##
#@..# #.# #.# #.### #.#
#####.# #.#####.#
......##### #.......#
##........# #.#######
##........######.#
.................#
#......#..########
##........#


You could see Edmund and an orc.

Vanquished Creatures
  A water moccasin (D:4)
  An ice beast (D:4)
  An ogre (D:4)
  A phantom (D:4)
  A scorpion (D:4)
  4 hounds (D:4)
  2 jellies (D:4)
  An iguana (D:4)
  6 adders
  An ufetubus (D:4)
  A worm (D:2)
  A dart slug (D:4)
  2 orcs (D:4)
  5 ball pythons
  7 endoplasms
  A giant cockroach (D:2)
  2 hobgoblins
  3 jackals (D:4)
  4 kobolds
  4 quokkas
  4 bats
  2 frilled lizards
  5 goblins
  3 rats
63 creatures vanquished.

Notes
Turn   | Place    | Note
-------+----------+-------------------------------------------
     0 | D:1      | AdnanSaban the Gargoyle Fighter began the quest for the
                  | Orb.
     0 | D:1      | Reached XP level 1. HP: 14/14 MP: 1/1
   245 | D:1      | Reached XP level 2. HP: 19/19 MP: 2/2
   403 | D:1      | Found a faded altar of an unknown god.
   403 | D:1      | Noticed a reaper
   752 | D:2      | Reached XP level 3. HP: 21/23 MP: 3/3
  1875 | D:3      | Reached XP level 4. HP: 28/29 MP: 4/4
  2473 | D:4      | Noticed an ogre
  2481 | D:4      | Killed an ogre
  2482 | D:4      | Reached skill level 1 in Dodging
  2482 | D:4      | Reached XP level 5. HP: 33/33 MP: 5/5
  2602 | D:4      | Noticed a phantom
  2625 | D:4      | Killed a phantom
  2626 | D:4      | Reached XP level 6. HP: 38/38 MP: 6/6
  2780 | D:4      | Noticed a water moccasin
  2793 | D:4      | Killed a water moccasin
  2794 | D:4      | Reached skill level 5 in Armour
  2796 | D:4      | Reached XP level 7. HP: 27/44 MP: 7/7
  3229 | D:4      | Found Hovian's Book Shoppe.
  3587 | D:5      | Entered Level 5 of the Dungeon
  3587 | D:5      | Noticed Edmund
  3595 | D:4      | Reached skill level 5 in Maces & Flails
  3691 | D:4      | Slain by Edmund

Illustrated notes

Levels and vault maps discovered:
D:1:      dpeg_arrival_tiny_j, layout_loops_ring,
          dreamdust_ecumenical_altar_sealed_demon,
          wander_ebering_terrifying_dragon_lair
D:2:      layout_basic, lightli_corner_chamber
D:3:      layout_basic
D:4:      layout_loops_corners, serial_shops, nicolae_shop_tiny_real_fake_doors,
          minmay_misc_feat_ornament
D:5:      layout_rooms, kennysheep_mini, overflow_temple_1_default,
          slow_altar_1, kennysheep_cross_bottleneck, uniq_pikel, uniq_edmund

Skill      XL: |  1  2  3  4  5  6  7 |
---------------+----------------------+-----
Armour         | 4 5 |  5.4
Maces & Flails | 3 4 5 |  5.5
Fighting       | 4 |  4.7
Dodging        | 1 2 |  2.0
Shields        | 4 |  4.4

Action                     |  1- 3 |  4- 6 |  7- 9 || total
---------------------------+-------+-------+-------++-------
  Melee: Flail             |   126 |   111 |    60 ||   297
 Armour: Scale mail        |    56 |    65 |    65 ||   186
  Dodge: Dodged            |    63 |    55 |    70 ||   188
  Block: Buckler           |    25 |    22 |    23 ||    70

Table legend: (Time is in decaauts)
 A = Elapsed time spent in this place.
 B = Non-inter-level travel time spent in this place.
 C = Inter-level travel time spent in this place.
 D = Time resting spent in this place.
 E = Time spent auto-exploring this place.
 F = Levels seen in this place.
 G = Mean time per level.
                   A        B        C        D        E       F      G
               +--------+--------+--------+--------+--------+-----+--------+
         Total |   3770 |   3624 |    146 |      0 |   2956 |   5 |  754.0 |
       Dungeon |   3770 |   3624 |    146 |      0 |   2956 |   5 |  754.0 |
               +--------+--------+--------+--------+--------+-----+--------+

Top non-repeatable levels by time:
     D:4: 1244 daAuts
     D:2: 1091 daAuts
     D:1: 715 daAuts
     D:3: 712 daAuts
     D:5: 6 daAuts
